Map: Ruins of Seras

Players

Burt - Winner!

  • Race: Terran Terran
  • League: Platinum

BeefNerd

  • Race: Zerg Zerg
  • League: Platinum

VOD

Have the link to the VOD?

Description

Time

  • Played on: Dec. 16, 2015, 12:45 a.m.
  • Length: 7:51
Show
View Real Time Build Order
Export as new Build Order

Burt Terran - Winner!

Build Orders:  

Get SALT Encoding   

  12  0:01  SCV  
  13  0:13  SCV  
  14  0:18  Supply Depot  
  14  0:25  SCV  
  15  0:40  SCV, Barracks  
  16  0:46  Refinery  
  16  0:52  SCV  
  17  1:04  SCV  
  18  1:16  SCV  
  19  1:27  Marine  
  19  1:29  Supply Depot  
  19  1:32  Orbital Command  
  20  1:49  Factory  
  20  2:04  Command Center  
  20  2:13  Barracks Reactor  
  20  2:22  SCV  
  21  2:25  Barracks  
  21  2:26  Supply Depot, Refinery  
  21  2:33  Factory Reactor  
  21  2:34  SCV  
  22  2:46  SCV  
  22  2:48  Supply Depot  
  22  2:50  Marine x2  
  25  2:58  SCV  
  26  2:59  Starport  
  26  3:08  Marine x2  
  26  3:10  SCV  
  26  3:12  Barracks Tech Lab  
  29  3:14  Hellion  
  31  3:22  SCV  
  32  3:30  Armory  
  32  3:47  Marine x3  
  35  3:50  SCV  
  36  3:59  Supply Depot  
  36  4:02  SCV  
  37  4:05  Medivac  
  37  4:06  Medivac  
  41  4:13  Marine x2  
  41  4:16  SCV  
  44  4:26  Marine  
  44  4:30  SCV  
  44  4:31  Marine  
  46  4:35  Thor  
  46  4:37  Marine  
  54  4:42  SCV  
  54  4:44  Supply Depot  
  55  4:45  Supply Depot  
  55  4:48  Barracks Tech Lab  
  55  4:49  Liberator  
  55  5:05  Marine x2  
  60  5:07  Supply Depot  
  60  5:16  Marine  
  61  5:23  Marine  
  61  5:26  Engineering Bay  
  62  5:29  Supply Depot, Marine  
  62  5:34  Marine  
  62  5:35  Siege Tank  
  67  5:41  Marine  
  68  5:46  Marine  
  68  5:49  SCV  
  70  5:52  Marine  
  70  5:54  Supply Depot  
  71  5:59  Marine  
  71  6:01  SCV  
  73  6:04  Marine  
  72  6:23  Marine x3  
  72  6:24  Siege Tank, Medivac  
  71  6:47  Marine x2  
  71  6:48  Marine  
  73  6:56  Siege Tank  
  73  6:59  Missile Turret  
  76  7:05  Marine x3  
  79  7:23  Marine x3  
Show
View Real Time Build Order
Export as new Build Order

BeefNerd Zerg 

Build Orders: Hatch First 

Get SALT Encoding   

  12  0:01  Drone  
  13  0:08  Drone  
  14  0:17  Overlord  
  14  0:44  Hatchery  
  14  0:46  Drone  
  14  0:53  Drone  
  14  0:55  Drone  
  16  1:00  Drone  
  17  1:06  Extractor  
  16  1:19  Spawning Pool  
  16  1:22  Drone  
  16  1:26  Drone  
  16  1:32  Drone  
  18  1:40  Drone  
  19  1:54  Overlord  
  19  1:58  Drone  
  20  2:04  Drone  
  20  2:06  Drone  
  22  2:15  Drone  
  23  2:18  Drone  
  24  2:29  Drone  
  25  2:32  Drone  
  25  2:35  Hatchery  
  25  2:39  Overlord  
  25  2:46  Queen  
  27  2:56  Drone  
  27  2:57  Queen  
  30  3:05  Spine Crawler  
  29  3:09  Drone  
  29  3:11  Spine Crawler  
  29  3:12  Drone  
  30  3:14  Drone  
  30  3:17  Drone  
  30  3:19  Drone  
  33  3:22  Drone  
  33  3:25  Drone  
  35  3:27  Drone  
  36  3:46  Overlord, Queen x2  
  40  3:50  Overlord  
  40  3:53  Overlord  
  40  3:56  Drone x2  
  42  4:08  Extractor  
  41  4:10  Drone  
  41  4:11  Drone x2  
  44  4:20  Drone  
  44  4:21  Drone x7  
  52  4:26  Roach Warren  
  51  4:31  Evolution Chamber  
  51  4:34  Evolution Chamber  
  49  4:56  Lair  
  49  5:01  Drone x4  
  49  5:04  Queen  
  55  5:21  Zerg Missile Weapons Level 1, Zerg Ground Armor Level 1  
  55  5:24  Roach x4  
  55  5:25  Roach  
  65  5:30  Overlord x2  
  65  6:01  Roach x3  
  65  6:02  Roach x4  
  65  6:03  Roach  
  81  6:14  Overlord x2  
  81  6:15  Overlord  
  81  6:24  Roach  
  81  6:25  Roach  
  71  6:44  Zergling x4  
  71  6:45  Zergling x28  
  50  7:12  Roach x4  
  50  7:15  Queen x2  
Tags
 
Add a new tag
Caveats
  • Supply blocks, unpowered buildings, or Contaminate may cause inaccurate times.
  • Supply counts are checked every 10 seconds.